[Event "IV Zagreb Open 2019"]
[Site "Zagreb"]
[Date "2019.12.08"]
[Round "2.10"]
[White "Smith, Bryan"]
[Black "Cebalo, Miso"]
[Result "1-0"]
[ECO "B75"]
[WhiteElo "2428"]
[BlackElo "2171"]
[Annotator "RC"]
[PlyCount "85"]
[EventDate "2019.12.07"]
[EventType "swiss"]
[EventCountry "CRO"]
[SourceTitle "playchess.com"]
[Source "ChessBase"]
[SourceQuality "1"]
[TimeControl "40/5400+30:1800+30"]

1. e4 c5 2. Nf3 d6 3. d4 cxd4 4. Nxd4 Nf6 5. Nc3 g6 6. Be3 Bg7 7. f3 a6 8. Qd2 h5 9. Bc4 b5 10. Bb3 Bb7 11. O-O-O Nbd7 12. Kb1 Rc8 13. Bg5 Qb6 14. Rhe1 O-O 15. Bh6 Rfe8 16. Nf5 Bh8 17. Be3 Nc5 18. Nh6+ Kh7 19. Bxf7 Rf8 20. Bd4 Bg7 21. Qg5 Rxf7 22. Nxf7 Rf8 23. e5 Rxf7 24. exf6 exf6 25. Qh4 Qc6 26. Qg3 b4 27. Ne4 Nxe4 28. fxe4 Bc8 29. b3 Re7 30. Qf4 Re6 31. g4 Qb5 32. Bb2 Bh6 33. Qf3 hxg4 34. Qxg4 Qc6 35. Qh4 Kg7 36. Rd3 g5 37. Qf2 Kf7 38. Rf3 Bg7 39. Rf1 Qxe4 40. Bxf6 g4 41. Rf4 Qg6 42. Bxg7+ Kxg7 43. Rf7+ 1-0

[Event "IV Zagreb Open 2019"]
[Site "Zagreb"]
[Date "2019.12.08"]
[Round "2.11"]
[White "Kristovic, Marijan"]
[Black "Lalic, Bogdan"]
[Result "1/2-1/2"]
[ECO "B10"]
[WhiteElo "2179"]
[BlackElo "2414"]
[Annotator "RC"]
[PlyCount "28"]
[EventDate "2019.12.07"]
[EventType "swiss"]
[EventCountry "CRO"]
[SourceTitle "playchess.com"]
[Source "ChessBase"]
[SourceQuality "1"]
[TimeControl "40/5400+30:1800+30"]

1. e4 c6 2. c4 d5 3. exd5 cxd5 4. cxd5 Nf6 5. Nc3 Nxd5 6. Bc4 Nb6 7. Bb3 Bf5 8. d4 e6 9. Nge2 Nc6 10. O-O Be7 11. Be3 O-O 12. Ng3 Bg6 13. d5 Nxd5 14. Nxd5 exd5 1/2-1/2

[Event "IV Zagreb Open 2019"]
[Site "Zagreb"]
[Date "2019.12.09"]
[Round "4.4"]
[White "Plenca, Jadranko"]
[Black "Enchev, Ivajlo"]
[Result "1/2-1/2"]
[ECO "C84"]
[WhiteElo "2453"]
[BlackElo "2482"]
[Annotator "RC"]
[PlyCount "65"]
[EventDate "2019.12.07"]
[EventType "swiss"]
[EventCountry "CRO"]
[SourceTitle "playchess.com"]
[Source "ChessBase"]
[SourceQuality "1"]
[TimeControl "40/5400+30:1800+30"]

1. e4 e5 2. Nf3 Nc6 3. Bb5 a6 4. Ba4 Nf6 5. O-O Be7 6. d3 b5 7. Bb3 d6 8. a4 Bd7 9. c3 O-O 10. Bc2 b4 11. Re1 Re8 12. Nbd2 bxc3 13. bxc3 d5 14. h3 dxe4 15. dxe4 Bc5 16. a5 h6 17. Nc4 Qb8 18. Qe2 Qa7 19. Ba4 Rad8 20. Rd1 Nb8 21. Bxd7 Rxd7 22. Bd2 Nc6 23. Nh4 Red8 24. Nf5 Kh7 25. Be1 Rxd1 26. Rxd1 Rxd1 27. Qxd1 g6 28. Nh4 Qb7 29. Nf3 Qb5 30. Ncxe5 Nxe5 31. Nxe5 Bxf2+ 32. Bxf2 Qxe5 33. Bd4 1/2-1/2

[Event "IV Zagreb Open 2019"]
[Site "Zagreb"]
[Date "2019.12.09"]
[Round "4.9"]
[White "Nguyen, Piotr"]
[Black "Biti, Ozren"]
[Result "1-0"]
[ECO "A41"]
[WhiteElo "2413"]
[BlackElo "2370"]
[Annotator "RC"]
[PlyCount "107"]
[EventDate "2019.12.07"]
[EventType "swiss"]
[EventCountry "CRO"]
[SourceTitle "playchess.com"]
[Source "ChessBase"]
[SourceQuality "1"]
[TimeControl "40/5400+30:1800+30"]

1. d4 d6 2. Nf3 g6 3. g3 Bg7 4. Bg2 Nd7 5. O-O e5 6. dxe5 dxe5 7. Nc3 Ngf6 8. Nd2 O-O 9. a4 Re8 10. a5 a6 11. Nc4 Qe7 12. e4 Nc5 13. Bg5 c6 14. Qd6 Qxd6 15. Nxd6 Rd8 16. Rad1 Ne6 17. Bxf6 Bxf6 18. Na4 Nd4 19. Nb6 Bg4 20. f3 Be6 21. Nxa8 Rxa8 22. c3 Nb3 23. f4 Nxa5 24. f5 Bb3 25. fxg6 fxg6 26. Rxf6 Bxd1 27. b4 Nb3 28. Bh3 Nd2 29. Be6+ Kh8 30. Kf2 Rd8 31. Nxb7 Nxe4+ 32. Ke3 Nxf6 33. Nxd8 Bg4 34. Bxg4 Nxg4+ 35. Ke4 Nxh2 36. Nxc6 Nf1 37. c4 Kg7 38. b5 Nd2+ 39. Kd5 Nxc4 40. bxa6 Nb6+ 41. Kxe5 h5 42. Kd6 g5 43. Nd4 h4 44. gxh4 gxh4 45. Nf5+ Kf6 46. Nxh4 Nc8+ 47. Kc7 Na7 48. Kb6 Nc8+ 49. Kb7 Nd6+ 50. Kc6 Nc8 51. Nf3 Ke7 52. Kc7 Nd6 53. Nd4 Ne8+ 54. Kc6 1-0

[Event "IV Zagreb Open 2019"]
[Site "Zagreb"]
[Date "2019.12.09"]
[Round "4.10"]
[White "Drnovsek, Gal"]
[Black "Pavic, Filip"]
[Result "1/2-1/2"]
[ECO "E32"]
[WhiteElo "2388"]
[BlackElo "2238"]
[Annotator "RC"]
[PlyCount "51"]
[EventDate "2019.12.07"]
[EventType "swiss"]
[EventCountry "CRO"]
[SourceTitle "playchess.com"]
[Source "ChessBase"]
[SourceQuality "1"]
[TimeControl "40/5400+30:1800+30"]

1. d4 Nf6 2. c4 e6 3. Nc3 Bb4 4. Qc2 O-O 5. Nf3 d5 6. Bg5 h6 7. Bh4 c5 8. dxc5 Nbd7 9. a3 Qa5 10. Rc1 Bxc3+ 11. Qxc3 Qxc3+ 12. Rxc3 Ne4 13. Rc2 g5 14. Bg3 Ndxc5 15. e3 Bd7 16. b4 Ba4 17. Rb2 Nd7 18. Nd2 Nxd2 19. Kxd2 dxc4 20. Bxc4 Rfd8 21. Bd3 Rac8 22. Rc1 Rxc1 23. Kxc1 Ne5 24. Bxe5 Rxd3 25. Rd2 Rxd2 26. Kxd2 1/2-1/2

[Event "IV Zagreb Open 2019"]
[Site "Zagreb"]
[Date "2019.12.10"]
[Round "5.1"]
[White "Kozul, Zdenko"]
[Black "Smith, Bryan"]
[Result "1-0"]
[ECO "A61"]
[WhiteElo "2590"]
[BlackElo "2428"]
[Annotator "ChessBase"]
[PlyCount "73"]
[EventDate "2019.12.07"]
[EventType "swiss"]
[EventCountry "CRO"]
[SourceTitle "playchess.com"]
[Source "ChessBase"]
[SourceQuality "1"]
[TimeControl "40/5400+30:1800+30"]

1. d4 Nf6 2. c4 e6 3. Nf3 c5 4. d5 d6 5. Nc3 exd5 6. cxd5 g6 7. h3 Bg7 8. Bf4 O-O 9. e3 Na6 10. Bxa6 bxa6 11. O-O Bf5 12. Rc1 Ne4 13. Nxe4 Bxe4 14. Rc4 Re8 15. b3 h6 16. Ne1 a5 17. g4 g5 18. Bg3 Bg6 19. Ng2 Rb8 20. Kh2 Rb4 21. f3 f5 22. Be1 h5 23. Bxb4 axb4 24. gxf5 Bxf5 25. f4 g4 26. hxg4 hxg4 27. Kg3 Qf6 28. Rh1 Qb2 29. Rh5 Be4 30. Rxe4 Rxe4 31. Qxg4 Re8 32. Qg6 Re7 33. Qxd6 Bf8 34. Rg5+ Rg7 35. Qe6+ Kh8 36. d6 Rxg5+ 37. fxg5 1-0

[Event "IV Zagreb Open 2019"]
[Site "Zagreb"]
[Date "2019.12.10"]
[Round "5.2"]
[White "Janzelj, Tim"]
[Black "Nikolov, Momchil"]
[Result "1/2-1/2"]
[ECO "C88"]
[WhiteElo "2446"]
[BlackElo "2533"]
[Annotator "ChessBase"]
[PlyCount "87"]
[EventDate "2019.12.07"]
[EventType "swiss"]
[EventCountry "CRO"]
[SourceTitle "playchess.com"]
[Source "ChessBase"]
[SourceQuality "1"]
[TimeControl "40/5400+30:1800+30"]

1. e4 e5 2. Nf3 Nc6 3. Bb5 a6 4. Ba4 Nf6 5. O-O Be7 6. Re1 b5 7. Bb3 d6 8. a4 b4 9. d4 exd4 10. Nxd4 Nxd4 11. Qxd4 O-O 12. Nd2 Rb8 13. Nc4 Nd7 14. Bf4 Nc5 15. Rad1 Be6 16. Bg3 Qe8 17. Na5 Nxa4 18. Qa7 Rc8 19. Ra1 Nc5 20. Bd5 Bxd5 21. exd5 Qd7 22. Nb3 Nxb3 23. cxb3 Bf6 24. Rxa6 Qf5 25. Rc6 Qxd5 26. Rxc7 Rce8 27. Rf1 Re6 28. Rc4 Qd2 29. h3 d5 30. Bf4 Qd3 31. Rxb4 Bxb2 32. Rb8 Ree8 33. Rxe8 Rxe8 34. Qd7 Qe4 35. b4 h6 36. b5 Re6 37. b6 Qxf4 38. Qc8+ Kh7 39. Qc2+ Re4 40. Qxb2 Rb4 41. Qc2+ Qe4 42. Qc5 Qc4 43. Qxc4 dxc4 44. Rc1 1/2-1/2

[Event "IV Zagreb Open 2019"]
[Site "Zagreb"]
[Date "2019.12.10"]
[Round "5.3"]
[White "Nguyen, Piotr"]
[Black "Kotronias, Vasilios"]
[Result "0-1"]
[ECO "D02"]
[WhiteElo "2413"]
[BlackElo "2506"]
[Annotator "ChessBase"]
[PlyCount "136"]
[EventDate "2019.12.07"]
[EventType "swiss"]
[EventCountry "CRO"]
[SourceTitle "playchess.com"]
[Source "ChessBase"]
[SourceQuality "1"]
[TimeControl "40/5400+30:1800+30"]

1. Nf3 Nf6 2. g3 d5 3. Bg2 c5 4. d4 cxd4 5. O-O e6 6. Nxd4 Be7 7. c4 O-O 8. cxd5 Nxd5 9. Qb3 Nc6 10. Nxc6 bxc6 11. e4 Nb6 12. Bf4 Ba6 13. Rc1 c5 14. Qa3 Bd3 15. b3 c4 16. Qb2 Bc5 17. Nc3 Qe7 18. a4 g5 19. Bd2 Qf6 20. Be1 Rab8 21. Nd1 Bd4 22. Bc3 e5 23. Qd2 Nd7 24. bxc4 Nc5 25. Ne3 Bxe4 26. Ng4 Qg7 27. Bxd4 exd4 28. Bxe4 Nxe4 29. Qa5 Rbe8 30. Qf5 d3 31. f3 h5 32. fxe4 hxg4 33. Qxg4 Qd4+ 34. Kg2 f6 35. Qf5 Kg7 36. Rf1 Rxe4 37. Ra2 Qxc4 38. Raf2 Qxa4 39. Ra1 Qc6 40. Kg1 Rf7 41. h4 gxh4 42. gxh4 Rxh4 43. Rg2+ Kf8 44. Rb1 Rb7 45. Rf1 Rh6 46. Qxd3 Qb6+ 47. Rff2 Qb1+ 48. Qf1 Kf7 49. Rf5 a6 50. Rg4 Rb5 51. Qxb1 Rxb1+ 52. Kf2 Rb5 53. Rf3 Rh2+ 54. Kg3 Rbh5 55. Kf4 R2h4 56. Rc3 Rxg4+ 57. Kxg4 Rb5 58. Kf4 a5 59. Rc6 Kg6 60. Rc8 Rb4+ 61. Ke3 a4 62. Rc6 Kg5 63. Rc8 Rb3+ 64. Ke4 f5+ 65. Kd4 Kf4 66. Rc1 a3 67. Rf1+ Kg4 68. Rg1+ Rg3 0-1

[Event "IV Zagreb Open 2019"]
[Site "Zagreb"]
[Date "2019.12.10"]
[Round "5.4"]
[White "Enchev, Ivajlo"]
[Black "Liu, Zhaoqi"]
[Result "1-0"]
[ECO "B08"]
[WhiteElo "2482"]
[BlackElo "2380"]
[Annotator "ChessBase"]
[PlyCount "59"]
[EventDate "2019.12.07"]
[EventType "swiss"]
[EventCountry "CRO"]
[SourceTitle "playchess.com"]
[Source "ChessBase"]
[SourceQuality "1"]
[TimeControl "40/5400+30:1800+30"]

1. d4 d6 2. Nf3 g6 3. e4 Nf6 4. Nc3 Bg7 5. Be2 O-O 6. O-O a6 7. a4 Nc6 8. h3 e5 9. dxe5 Nxe5 10. Bg5 h6 11. Bh4 Bd7 12. Nxe5 dxe5 13. f4 Qe8 14. fxe5 Nh7 15. Bf6 Bc6 16. Qd2 Ng5 17. Qf4 Ne6 18. Qg3 Bxf6 19. exf6 Ng5 20. Bc4 b5 21. Bb3 b4 22. Nd5 Qxe4 23. Ne7+ Kh7 24. Rf4 Qe5 25. Nxc6 Qc5+ 26. Nd4 Rad8 27. Qf2 Rfe8 28. Nf3 Qxf2+ 29. Kxf2 Ne4+ 30. Kg1 1-0

[Event "IV Zagreb Open 2019"]
[Site "Zagreb"]
[Date "2019.12.10"]
[Round "5.5"]
[White "Ivekovic, Bozidar"]
[Black "Strikovic, Aleksa"]
[Result "0-1"]
[ECO "B77"]
[WhiteElo "2406"]
[BlackElo "2468"]
[Annotator "ChessBase"]
[PlyCount "112"]
[EventDate "2019.12.07"]
[EventType "swiss"]
[EventCountry "CRO"]
[SourceTitle "playchess.com"]
[Source "ChessBase"]
[SourceQuality "1"]
[TimeControl "40/5400+30:1800+30"]

1. Nf3 c5 2. e4 d6 3. d4 cxd4 4. Nxd4 Nf6 5. Nc3 g6 6. Be3 Bg7 7. f3 O-O 8. Bc4 Nc6 9. Qd2 Bd7 10. O-O-O Rb8 11. Bb3 Na5 12. Bh6 b5 13. h4 Nc4 14. Qg5 Rc8 15. h5 Rc5 16. Nd5 Bxh6 17. Qxh6 g5 18. Bxc4 bxc4 19. Nxf6+ exf6 20. Ne2 Qe7 21. Nc3 Bc6 22. Rd4 Re5 23. Nd1 d5 24. Ne3 Rb8 25. Ng4 Re6 26. exd5 Bxd5 27. Nxf6+ Qxf6 28. Qxf6 Rxf6 29. Rxd5 h6 30. Rhd1 Rbb6 31. R1d4 Ra6 32. Rxc4 Rxa2 33. Rc8+ Kg7 34. Rdd8 Rb6 35. Rh8 Raxb2 36. Rcg8+ Kf6 37. Rxh6+ Kf5 38. Rh7 f6 39. Rxa7 Rb1+ 40. Kd2 Rg1 41. Ra5+ Kf4 42. Ra4+ Kg3 43. Rg4+ Kf2 44. h6 Rh1 45. Rg6 Rd6+ 46. Kc3 Rc6+ 47. Rc4 Ra6 48. Rg4 Rc6+ 49. Kd4 Rd1+ 50. Ke4 Rdd6 51. Rg8 Rc5 52. R4xg5 Rxg5 53. Rxg5 fxg5 54. Kf5 Rxh6 55. Kxg5 Rc6 56. c4 Ke3 0-1

[Event "IV Zagreb Open 2019"]
[Site "Zagreb"]
[Date "2019.12.10"]
[Round "5.7"]
[White "Sokac, Marko"]
[Black "Stany, G.A."]
[Result "1/2-1/2"]
[ECO "B20"]
[WhiteElo "2316"]
[BlackElo "2526"]
[Annotator "ChessBase"]
[PlyCount "48"]
[EventDate "2019.12.07"]
[EventType "swiss"]
[EventCountry "CRO"]
[SourceTitle "playchess.com"]
[Source "ChessBase"]
[SourceQuality "1"]
[TimeControl "40/5400+30:1800+30"]

1. e4 c5 2. a3 Nc6 3. b4 Nf6 4. b5 Nd4 5. c3 Ne6 6. e5 Nd5 7. Qf3 Ndc7 8. a4 d6 9. exd6 exd6 10. Nh3 g6 11. Na3 Bg7 12. Be2 O-O 13. O-O d5 14. Nc2 b6 15. Rd1 a6 16. bxa6 Bxa6 17. d4 Bxe2 18. Qxe2 Qd7 19. Nf4 Rxa4 20. Nxe6 fxe6 21. Rxa4 Qxa4 22. Bg5 Qc6 23. Rb1 b5 24. Be7 Re8 1/2-1/2

[Event "IV Zagreb Open 2019"]
[Site "Zagreb"]
[Date "2019.12.10"]
[Round "5.8"]
[White "Ongut, Tamas Gunes"]
[Black "Cvitan, Ognjen"]
[Result "1/2-1/2"]
[ECO "B76"]
[WhiteElo "2288"]
[BlackElo "2488"]
[Annotator "ChessBase"]
[PlyCount "38"]
[EventDate "2019.12.07"]
[EventType "swiss"]
[EventCountry "CRO"]
[SourceTitle "playchess.com"]
[Source "ChessBase"]
[SourceQuality "1"]
[TimeControl "40/5400+30:1800+30"]

1. e4 c5 2. Nf3 d6 3. d4 cxd4 4. Nxd4 Nf6 5. Nc3 g6 6. Be3 Bg7 7. f3 Nc6 8. Qd2 O-O 9. O-O-O d5 10. exd5 Nxd5 11. Nxc6 bxc6 12. Bd4 Bxd4 13. Qxd4 Qb6 14. Na4 Qc7 15. Nc5 Rd8 16. Bc4 Bf5 17. Bb3 Nf4 18. Qf2 Rxd1+ 19. Rxd1 Rd8 1/2-1/2

[Event "IV Zagreb Open 2019"]
[Site "Zagreb"]
[Date "2019.12.10"]
[Round "5.9"]
[White "Kovacevic, Blazimir"]
[Black "Jurkovic, Ante"]
[Result "1-0"]
[ECO "A70"]
[WhiteElo "2453"]
[BlackElo "2274"]
[Annotator "ChessBase"]
[PlyCount "137"]
[EventDate "2019.12.07"]
[EventType "swiss"]
[EventCountry "CRO"]
[SourceTitle "playchess.com"]
[Source "ChessBase"]
[SourceQuality "1"]
[TimeControl "40/5400+30:1800+30"]

1. d4 d6 2. Nf3 g6 3. e4 Bg7 4. Bd3 c5 5. d5 Nf6 6. c4 e6 7. h3 exd5 8. cxd5 O-O 9. Nc3 b5 10. Bxb5 Nxe4 11. Nxe4 Qa5+ 12. Nfd2 Qxb5 13. Nxd6 Qd3 14. N2c4 Qxd1+ 15. Kxd1 Ba6 16. Kc2 Nd7 17. Bf4 Bd4 18. Rad1 Bxf2 19. Na5 Bd4 20. Nc6 Bf6 21. Rhe1 Kg7 22. Re3 Nb6 23. g4 Bc4 24. g5 Bd4 25. Nxd4 cxd4 26. Be5+ Kg8 27. Bxd4 Rfd8 28. Nxc4 Nxc4 29. Rc3 Nd6 30. Bf6 Rd7 31. Rc6 Ne4 32. Rd4 Nd6 33. Ra6 Rc8+ 34. Rc6 Re8 35. Kd1 Nf5 36. Rd3 Rxd5 37. Rxd5 Ne3+ 38. Kd2 Nxd5 39. Ra6 Re6 40. Rxa7 Nxf6 41. gxf6 Rxf6 42. b4 Rb6 43. a3 Kg7 44. Rc7 g5 45. Rc4 h5 46. a4 f5 47. b5 g4 48. h4 Re6 49. a5 Re5 50. Rb4 g3 51. b6 g2 52. Rb1 Rb5 53. Rg1 Rxa5 54. Rxg2+ Kf6 55. Kc3 Ra8 56. Kd4 f4 57. Kd5 Rd8+ 58. Ke4 f3 59. Rb2 Rb8 60. Kxf3 Ke5 61. b7 Kd6 62. Kf4 Kc7 63. Kg5 Rg8+ 64. Kxh5 Kb8 65. Kh6 Rg4 66. h5 Rg8 67. Kh7 Rg5 68. h6 Rg1 69. Rb6 1-0

[Event "IV Zagreb Open 2019"]
[Site "Zagreb"]
[Date "2019.12.10"]
[Round "5.10"]
[White "Lalic, Bogdan"]
[Black "Bozanic, Ivica"]
[Result "1/2-1/2"]
[ECO "A89"]
[WhiteElo "2414"]
[BlackElo "2145"]
[Annotator "NA"]
[PlyCount "88"]
[EventDate "2019.12.07"]
[EventType "swiss"]
[EventCountry "CRO"]
[SourceTitle "playchess.com"]
[Source "ChessBase"]
[SourceQuality "1"]
[TimeControl "40/5400+30:1800+30"]

1. d4 f5 2. g3 Nf6 3. Bg2 g6 4. Nf3 Bg7 5. c4 d6 6. Nc3 O-O 7. O-O Nc6 8. d5 Ne5 9. Nxe5 dxe5 10. Qb3 Kh8 11. c5 h6 12. Rd1 g5 13. Bd2 a6 14. Na4 Qe8 15. Ba5 Bd7 16. c6 bxc6 17. dxc6 Bxc6 18. Bxc6 Qxc6 19. Rac1 Qb5 20. Bxc7 Qxe2 21. Re1 Qh5 22. Bxe5 Qh3 23. Qf3 f4 24. Qg2 Qf5 25. gxf4 gxf4 26. Qf3 Rad8 27. Nc5 Rd5 28. Qxf4 Qxf4 29. Bxf4 Nh5 30. Be3 Bxb2 31. Rc4 Rf6 32. Rg4 Kh7 33. Rb1 Be5 34. Rb7 Bd6 35. Ne4 Rg6 36. h3 Nf6 37. Nxf6+ Rxf6 38. Ra7 a5 39. Kf1 Rdf5 40. Ra4 Rh5 41. Kg2 Rg6+ 42. Rg4 Rf5 43. Ra8 h5 44. Rxg6 Kxg6 1/2-1/2

[Event "IV Zagreb Open 2019"]
[Site "Zagreb"]
[Date "2019.12.10"]
[Round "5.11"]
[White "Peng, Hongchi"]
[Black "Rogulj, Branko"]
[Result "1/2-1/2"]
[ECO "B05"]
[WhiteElo "2271"]
[BlackElo "2400"]
[Annotator "NA"]
[PlyCount "73"]
[EventDate "2019.12.07"]
[EventType "swiss"]
[EventCountry "CRO"]
[SourceTitle "playchess.com"]
[Source "ChessBase"]
[SourceQuality "1"]
[TimeControl "40/5400+30:1800+30"]

1. e4 Nf6 2. e5 Nd5 3. d4 d6 4. Nf3 Bg4 5. Be2 c6 6. O-O Bxf3 7. Bxf3 dxe5 8. dxe5 e6 9. Qe2 Nd7 10. b3 Qc7 11. Re1 Bb4 12. Bd2 Bxd2 13. Nxd2 O-O 14. g3 Rfd8 15. Bg2 Ne7 16. f4 Nf5 17. Ne4 Qb6+ 18. Qf2 h5 19. Rad1 Kf8 20. c4 Qxf2+ 21. Kxf2 a5 22. Bh3 Nh6 23. a3 Ke7 24. Nd6 Nc5 25. b4 axb4 26. axb4 Na6 27. Rb1 Rd7 28. Ra1 Rb8 29. Reb1 c5 30. bxc5 Nxc5 31. Ra5 Rc7 32. Ra7 f6 33. Ke3 Nf7 34. Nxf7 Kxf7 35. exf6 Kxf6 36. Rb5 g6 37. Raa5 1/2-1/2

[Event "IV Zagreb Open 2019"]
[Site "Zagreb"]
[Date "2019.12.11"]
[Round "6.1"]
[White "Kotronias, Vasilios"]
[Black "Kozul, Zdenko"]
[Result "1/2-1/2"]
[ECO "B67"]
[WhiteElo "2506"]
[BlackElo "2590"]
[Annotator "ChessBase"]
[PlyCount "66"]
[EventDate "2019.12.07"]
[EventType "swiss"]
[EventCountry "CRO"]
[SourceTitle "playchess.com"]
[Source "ChessBase"]
[SourceQuality "1"]
[TimeControl "40/5400+30:1800+30"]

1. e4 c5 2. Nf3 d6 3. d4 cxd4 4. Nxd4 Nf6 5. Nc3 Nc6 6. Bg5 e6 7. Qd2 a6 8. O-O-O Bd7 9. f4 b5 10. Bxf6 gxf6 11. f5 Nxd4 12. Qxd4 Bh6+ 13. Kb1 Bf4 14. Ne2 Be5 15. Qd2 exf5 16. exf5 Bxf5 17. Nf4 Rc8 18. Bd3 Be6 19. Rhf1 Qb6 20. Nxe6 fxe6 21. Qh6 Kd8 22. Rxf6 Bxf6 23. Qxf6+ Kc7 24. Qxe6 Rce8 25. Qf7+ Kb8 26. a3 Re5 27. Qg7 Rhe8 28. Qxh7 Re1 29. Rxe1 Rxe1+ 30. Ka2 Qc5 31. Qh8+ Ka7 32. Qd8 Qd5+ 33. b3 Qd4 1/2-1/2

[Event "IV Zagreb Open 2019"]
[Site "Zagreb"]
[Date "2019.12.11"]
[Round "6.2"]
[White "Strikovic, Aleksa"]
[Black "Enchev, Ivajlo"]
[Result "1/2-1/2"]
[ECO "B10"]
[WhiteElo "2468"]
[BlackElo "2482"]
[Annotator "ChessBase"]
[PlyCount "39"]
[EventDate "2019.12.07"]
[EventType "swiss"]
[EventCountry "CRO"]
[SourceTitle "playchess.com"]
[Source "ChessBase"]
[SourceQuality "1"]
[TimeControl "40/5400+30:1800+30"]

1. c4 c6 2. e4 d5 3. exd5 cxd5 4. cxd5 Nf6 5. Qa4+ Nbd7 6. Nc3 g6 7. Nf3 Bg7 8. Bc4 O-O 9. d3 a6 10. Qa3 b6 11. O-O Bb7 12. Re1 b5 13. Bb3 Re8 14. Be3 Nb6 15. Bxb6 Qxb6 16. Qb4 Qd6 17. Qxd6 exd6 18. a3 Kf8 19. Kf1 Rac8 20. Rxe8+ 1/2-1/2

[Event "IV Zagreb Open 2019"]
[Site "Zagreb"]
[Date "2019.12.11"]
[Round "6.4"]
[White "Smith, Bryan"]
[Black "Kovacevic, Blazimir"]
[Result "0-1"]
[ECO "B12"]
[WhiteElo "2428"]
[BlackElo "2453"]
[Annotator "ChessBase"]
[PlyCount "56"]
[EventDate "2019.12.07"]
[EventType "swiss"]
[EventCountry "CRO"]
[SourceTitle "playchess.com"]
[Source "ChessBase"]
[SourceQuality "1"]
[TimeControl "40/5400+30:1800+30"]

1. e4 c6 2. d4 d5 3. e5 c5 4. dxc5 e6 5. a3 Nc6 6. Nf3 Bxc5 7. b4 Bb6 8. Bd3 f6 9. Bb2 fxe5 10. Nxe5 Nf6 11. O-O O-O 12. Nd2 a5 13. b5 Nxe5 14. Bxe5 Bd7 15. a4 Be8 16. c4 Rc8 17. Rc1 Qe7 18. Nb3 dxc4 19. Bd6 Qd7 20. Bxf8 cxd3 21. Bc5 Bh5 22. Qd2 Ne4 23. Qe3 Nxc5 24. Rxc5 Bxc5 25. Nxc5 Rxc5 26. Qxc5 Be2 27. b6 d2 28. Qc7 d1=Q 0-1

[Event "IV Zagreb Open 2019"]
[Site "Zagreb"]
[Date "2019.12.11"]
[Round "6.5"]
[White "Plenca, Jadranko"]
[Black "Djurovic, Goran"]
[Result "1-0"]
[ECO "B51"]
[WhiteElo "2453"]
[BlackElo "2382"]
[Annotator "ChessBase"]
[PlyCount "75"]
[EventDate "2019.12.07"]
[EventType "swiss"]
[EventCountry "CRO"]
[SourceTitle "playchess.com"]
[Source "ChessBase"]
[SourceQuality "1"]
[TimeControl "40/5400+30:1800+30"]

1. e4 c5 2. Nf3 d6 3. Bb5+ Nd7 4. d4 cxd4 5. Qxd4 a6 6. Be2 Ngf6 7. c4 e5 8. Qe3 Nc5 9. Nc3 Bg4 10. O-O Ne6 11. Qd3 Be7 12. Be3 O-O 13. Rfd1 Nh5 14. Nd5 Nhf4 15. Bxf4 Nxf4 16. Nxf4 exf4 17. Nd4 Bd7 18. Qd2 g5 19. h3 Re8 20. Bg4 Bf6 21. Qe2 Bc6 22. Bf5 h6 23. Qh5 Bg7 24. c5 d5 25. Nxc6 bxc6 26. exd5 cxd5 27. c6 Qd6 28. Rac1 Ra7 29. Bd7 Re4 30. Qf3 Bd4 31. Bf5 Qe5 32. Bxe4 dxe4 33. Qb3 e3 34. c7 exf2+ 35. Kf1 Kg7 36. c8=Q Re7 37. Qd3 Bxb2 38. Qcf5 1-0

[Event "IV Zagreb Open 2019"]
[Site "Zagreb"]
[Date "2019.12.11"]
[Round "6.7"]
[White "Rudolf, Michal"]
[Black "Lalic, Bogdan"]
[Result "1/2-1/2"]
[ECO "B51"]
[WhiteElo "2328"]
[BlackElo "2414"]
[Annotator "NA"]
[PlyCount "22"]
[EventDate "2019.12.07"]
[EventType "swiss"]
[EventCountry "CRO"]
[SourceTitle "playchess.com"]
[Source "ChessBase"]
[SourceQuality "1"]
[TimeControl "40/5400+30:1800+30"]

1. e4 c5 2. Nf3 d6 3. Bb5+ Nd7 4. O-O a6 5. Bd3 Ngf6 6. Re1 b5 7. c4 Rb8 8. a3 e5 9. b4 bxc4 10. Bxc4 Be7 11. Nc3 O-O 1/2-1/2

[Event "IV Zagreb Open 2019"]
[Site "Zagreb"]
[Date "2019.12.11"]
[Round "6.8"]
[White "Sai Agni Jeevitesh, J."]
[Black "Stany, G.A."]
[Result "1/2-1/2"]
[ECO "A17"]
[WhiteElo "2301"]
[BlackElo "2526"]
[Annotator "ChessBase"]
[PlyCount "23"]
[EventDate "2019.12.07"]
[EventType "swiss"]
[EventCountry "CRO"]
[SourceTitle "playchess.com"]
[Source "ChessBase"]
[SourceQuality "1"]
[TimeControl "40/5400+30:1800+30"]

1. Nf3 d5 2. e3 Nf6 3. c4 e6 4. Nc3 Bd6 5. b3 Nbd7 6. Bb2 O-O 7. Qc2 a6 8. d4 b6 9. cxd5 exd5 10. g3 Bb7 11. Bg2 Re8 12. O-O 1/2-1/2

[Event "IV Zagreb Open 2019"]
[Site "Zagreb"]
[Date "2019.12.11"]
[Round "6.9"]
[White "Parligras, Cosmin"]
[Black "Livaic, Leon"]
[Result "0-1"]
[ECO "A11"]
[WhiteElo "2247"]
[BlackElo "2505"]
[Annotator "ChessBase"]
[PlyCount "44"]
[EventDate "2019.12.07"]
[EventType "swiss"]
[EventCountry "CRO"]
[SourceTitle "playchess.com"]
[Source "ChessBase"]
[SourceQuality "1"]
[TimeControl "40/5400+30:1800+30"]

1. Nf3 Nf6 2. g3 d5 3. Bg2 c6 4. O-O Bg4 5. c4 e6 6. Qb3 Qb6 7. Qxb6 axb6 8. d3 Nbd7 9. Nc3 Bxf3 10. exf3 Nc5 11. Rd1 d4 12. Ne2 Nb3 13. Rb1 Rxa2 14. Bd2 Be7 15. Nc1 Nxc1 16. Bxc1 Bb4 17. Bd2 Bxd2 18. Rxd2 Ke7 19. f4 Rha8 20. Kf1 Ra1 21. Rxa1 Rxa1+ 22. Ke2 Rb1 0-1

[Event "IV Zagreb Open 2019"]
[Site "Zagreb"]
[Date "2019.12.12"]
[Round "7.1"]
[White "Kozul, Zdenko"]
[Black "Plenca, Jadranko"]
[Result "1-0"]
[ECO "E11"]
[WhiteElo "2590"]
[BlackElo "2453"]
[Annotator "ChessBase"]
[PlyCount "81"]
[EventDate "2019.12.07"]
[EventType "swiss"]
[EventCountry "CRO"]
[SourceTitle "playchess.com"]
[Source "ChessBase"]
[SourceQuality "1"]
[TimeControl "40/5400+30:1800+30"]

1. d4 Nf6 2. c4 e6 3. Nf3 Bb4+ 4. Nbd2 O-O 5. a3 Be7 6. e4 d5 7. e5 Nfd7 8. Bd3 c5 9. h4 g6 10. O-O Nc6 11. Re1 a5 12. h5 cxd4 13. Qc2 Nc5 14. hxg6 fxg6 15. Bxg6 hxg6 16. Qxg6+ Kh8 17. Nxd4 Nxd4 18. Re3 Bh4 19. Rh3 Nf5 20. Nf3 Qe8 21. Qg4 Rf7 22. Nxh4 Rh7 23. Ng6+ Kg8 24. Ne7+ Kh8 25. Bg5 Ne4 26. Rxh7+ Kxh7 27. Qh3+ Kg7 28. Nxf5+ exf5 29. Qh6+ Kf7 30. Qh7+ Ke6 31. cxd5+ Kxd5 32. Qc7 Qa4 33. Rc1 Nxg5 34. Qc5+ Ke4 35. Rc4+ Qxc4 36. Qxc4+ Kxe5 37. f4+ Kf6 38. Qc3+ Kg6 39. Qg3 Ra6 40. Qxg5+ Kf7 41. Qd8 1-0